 Dungeon Crawl Stone Soup version 0.29.0-4-gdea44cf6ec (webtiles) character file.

Game seed: 9959733661628286326

80608 qw the Brawler (level 15, -4/146 HPs)
             Began as a Troll Cinder Acolyte on Sept 1, 2022.
             Was an Elder of Okawaru.
             Slain by Donald
             ... wielding a +3 broad axe of pain
              (40 damage)
             ... on level 2 of the Orcish Mines.
             The game lasted 00:12:07 (20809 turns).

qw the Brawler (Troll Cinder Acolyte)              Turns: 20809, Time: 00:12:07

Health: -4/146     AC: 23    Str: 30    XL:     15   Next: 24%
Magic:  21/21      EV: 13    Int: 10    God:    Okawaru [****..]
Gold:   1827       SH: 14    Dex:  5    Spells: 16/16 levels left

rFire   . . .      SeeInvis .     - Unarmed
rCold   . . .      Faith    .   t - +0 kite shield
rNeg    . . .      Spirit   .   k - +3 swamp dragon scales
rPois   +          Reflect  +   l - +1 hat
rElec   .          Harm     .   r - +2 cloak
rCorr   .          Rampage  .   (gloves unavailable)
Will    +....                   (boots unavailable)
Stlth   ++........              f - amulet of reflection
HPRegen 1.14/turn               j - +4 ring of evasion
MPRegen 0.17/turn               b - +4 ring of protection

@: about to teleport, heroic
A: large, unfitting armour, claws 3, regeneration 1, shaggy fur 1, tough skin 1,
weak 1
a: Renounce Religion, Heroism, Finesse


You were on level 2 of the Orcish Mines.
You worshipped Okawaru.
Okawaru was greatly pleased with you.
You visited 4 branches of the dungeon, and saw 23 of its levels.
You also visited: Ossuary.

You collected 2377 gold pieces.
You spent 550 gold pieces at shops.


Innate Abilities, Weirdness & Mutations

You are too large for most types of armour.
You have claws for hands.
Your natural rate of healing is unusually fast.
You are covered in fur. (AC +1)
You have tough skin. (AC +1)
You are weak. (Str -2)


   Skills:
 - Level 9.0(14.0) Fighting
 - Level 7.0(12.0) Throwing
 - Level 5.0(10.0) Armour
 - Level 2.5(7.5) Dodging
 + Level 5.9(10.9) Shields
 - Level 20.0(25.0) Unarmed Combat
 - Level 1.0 Spellcasting
 - Level 2.1 Fire Magic
 + Level 9.3 Invocations


You had 16 spell levels left.
You didn't know any spells.
Your spell library contained the following spells:

 Spells                   Type           Power      Damage    Failure   Level
 Scorch                   Fire           8%         2d5       45%         2

Inventory:

Missiles
 e - 6 boomerangs (quivered)
Armour
 k - +3 swamp dragon scales (worn)
 l - a +1 hat (worn)
 r - a +2 cloak (worn)
 t - a +0 kite shield (worn)
Jewellery
 a - a ring of fire
 b - a +4 ring of protection (right claw)
 f - an amulet of reflection (around neck)
 h - a ring of protection from fire
 j - a +4 ring of evasion (left claw)
Scrolls
 c - 12 scrolls of identify
 m - 8 scrolls of teleportation
 o - 3 scrolls of enchant weapon
Potions
 d - 6 potions of might
 g - 6 potions of haste
 i - 16 potions of curing
 n - 2 potions of mutation
 p - a potion of resistance
 q - a potion of magic
 u - 3 potions of heal wounds

Dungeon Overview and Level Annotations

Branches:
Dungeon (15/15)            Temple (1/1) D:5            Lair (5/5) D:11
 Shoals (0/4) Lair:3       Spider (0/4) Lair:2        Slime (0/5) Lair:5
    Orc (2/2) D:9             Elf (0/3) Orc:2        Vaults (0/5) D:13
 Depths (0/4) D:15        Ossuary (visited)

Altars:
Ashenzari
Cheibriados
Dithmenos
Elyvilon
Fedhas
Gozag
Hepliaklqana
Kikubaaqudgha
Makhleb
Nemelex Xobeh
Okawaru
Ru
Sif Muna
Trog
Uskayaw
Vehumet
Wu Jian
Xom
Yredelemnul
Zin
The Shining One
Jiyva

Shops:
D:8 =   Orc:2 [!?

Annotations:
D:14 3 runed translucent doors, Axipewex's ghost, journeyman OgTm
Lair:1 2 transporters
Orc:2 3 runed translucent doors, Donald; qw's ghost, journeyman TeWr


Message History

20801 ||| Stepping ~*~*~tactically~*~*~ (outnumbered).
You block Donald's attack.
The orc priest miscasts a cantrip.
Donald hits you with a +3 broad axe of pain!
You writhe in agony!
Donald blocks your attack.
Donald is lightly wounded.
You block the orc's attack. You block Donald's attack.
20803 ||| Stepping ~*~*~tactically~*~*~ (outnumbered).
The orc attacks as you move away! You block the orc's attack.
Donald attacks as you move away!
Donald hits you with a +3 broad axe of pain!!!
You writhe in agony.
Donald blocks your attack.
Donald is lightly wounded.
Donald says, "Nice kit."
Donald hits you with a +3 broad axe of pain!
You writhe in agony.
You scratch Donald but do no damage.
Donald is lightly wounded.
Donald misses you.
An orc warrior comes into view. It is wielding a +0 flail.
The orc priest miscasts a cantrip.
You mangle Donald!!
Donald is heavily wounded.
Donald hits you with a +3 broad axe of pain!
Donald blocks your attack.
Donald is heavily wounded.
The troll bites you. You block the troll's attack. x2
You block Donald's attack.
You mangle Donald!!
Donald is almost dead.
You block the troll's attack. The troll claws you.
The troll closely misses you. You block the orc's attack.
Donald hits you with a +3 broad axe of pain!
20809 ||| READING 9 scrolls of teleportation.
As you read the scroll of teleportation, it crumbles to dust.
You feel strangely unstable.
Donald hits you with a +3 broad axe of pain!!!
You die...

##.#..##.####.
#..........#...
####...........#.#.
##.#..................
####...#.........#........
##.#......................#
###..............o...........
.#.............o@T...........
.).)...........##@o.........
.#..............oo.......#.#
#))..........#.....o......#..
.......#..#####.....)........
#..##...### ##.....o.......
######..## #.###............
#...# #\.\ ##...........
##.###.... ##..........


You could see Donald (fast, strong, reflecting), a troll, an orc warrior, an orc
priest and 4 orcs.

Vanquished Creatures
  Snorg (Orc:1)
  Josephine (D:10)
  4 vault guards (D:13)
  Fannar (D:10)
  A boulder beetle (Lair:4)
  4 centaur warriors
  13 hydras
  A death knight (D:8)
  A merfolk avatar (Lair:5)
  An orc high priest (Orc:2)
  Lodul (D:13)
  4 skeletal warriors (D:13)
  Amaemon (D:9)
  A fire crab (Lair:5)
  A harpy (Lair:5)
  A wizard (D:15)
  3 orc knights
  Pikel (D:9)
  A lindwurm (Lair:5)
  A necromancer (D:15)
  3 deep elf pyromancers
  15 ugly things
  3 orc sorcerers
  7 manticores
  A cyclops (D:12)
  2 oklob plants (Lair:5)
  A merfolk siren (Lair:3)
  7 elephants (Lair:5)
  A naga mage (D:15)
  Joseph (D:9)
  3 black mambas (Lair:5)
  An orange demon (D:9)
  A gargoyle (D:13)
  10 cane toads
  A torpor snail (Lair:2)
  Maggie (Lair:2)
  An unseen horror (D:10)
  6 rime drakes
  7 komodo dragons
  A kobold demonologist (D:10)
  9 trolls
  6 polar bears
  6 meliai
  2 wind drakes (Lair:5)
  A wolf spider simulacrum (D:15)
  22 blink frogs
  3 hornets
  A blink frog (shapeshifter) (D:14)
  A snapping turtle (Lair:5)
  Sigmund (D:2)
  A shadow (D:11)
  2 vampires
  3 wyverns
  9 wraiths
  2 centaur simulacra
  14 fire elementals
  7 humans (D:13)
  36 yaks
  2 basilisks
  A basilisk (shapeshifter) (D:13)
  8 vampire mosquitoes
  7 steam dragons
  3 wargs (Orc:2)
  11 water moccasins
  3 acid dragons
  Duvessa (D:7)
  14 orc warriors
  2 sky beasts
  14 ogres
  An ice beast (D:8)
  A hornet zombie (D:15)
  2 black bears
  3 boggarts (D:15)
  15 wolves
  6 centaurs
  A lemure (D:9)
  An elf zombie (Ossuary)
  3 kobold brigands
  2 gnoll sergeants (D:7)
  16 bullfrogs
  A necrophage (D:7)
  3 scorpions
  Dowan (D:7)
  7 wights
  16 howler monkeys
  A killer bee (D:8)
  2 vampire bats (D:13)
  2 electric eels (D:11)
  A crimson imp (D:7)
  5 hounds (D:11)
  3 jellies
  2 gnoll boudas
  15 orc priests
  Ijyb (D:2)
  7 iguanas
  16 orc wizards
  2 mummies (Ossuary)
  An adder (D:2)
  4 gnolls
  3 white imps
  2 worms
  3 dart slugs
  68 orcs
  4 bat skeletons (D:13)
  A bat zombie (D:13)
  11 endoplasms
  3 giant cockroaches
  8 hobgoblins
  8 jackals
  5 quokkas
  5 ball pythons
  4 bats
  3 frilled lizards
  A gnoll zombie (Ossuary)
  19 goblins
  7 goblin zombies (Ossuary)
  4 hobgoblin zombies (Ossuary)
  11 kobolds
  An orc zombie (Ossuary)
  A rat (D:1)
621 creatures vanquished.

Vanquished Creatures (others)
  A human (D:13)
  26 fungi
  41 plants
68 creatures vanquished.

Grand Total: 689 creatures vanquished

Notes
Turn   | Place    | Note
-------+----------+-------------------------------------------
     0 | D:1      | qw the Troll Cinder Acolyte began the quest for the Orb.
     0 | D:1      | Reached XP level 1. HP: 22/22 MP: 1/1
     0 | D:1      | 0 ||| qw: Version: 0.1-a-97-g2dd2ca4
     0 | D:1      | 0 ||| qw: Game counter: 4811
     0 | D:1      | 0 ||| qw: Always use a shield: true
     0 | D:1      | 0 ||| qw: God list: Okawaru
     0 | D:1      | 0 ||| qw: Allow faded altars: false
     0 | D:1      | 0 ||| qw: Do Orc after D:15 true
     0 | D:1      | 0 ||| qw: Do second Lair branch before Depths: true
     0 | D:1      | 0 ||| qw: Lair rune preference: random
     0 | D:1      | 0 ||| qw: Plans: Normal
     0 | D:1      | 0 ||| PLANNING D:1-11
    13 | D:1      | 13 ||| Stepping ~*~*~tactically~*~*~ (hiding).
    20 | D:1      | Reached XP level 2. HP: 24/29 MP: 2/2
   188 | D:1      | Reached skill level 4 in Unarmed Combat
   353 | D:1      | 353 ||| Stepping ~*~*~tactically~*~*~ (outnumbered).
   354 | D:1      | 354 ||| Stepping ~*~*~tactically~*~*~ (outnumbered).
   380 | D:1      | Found a faded altar of an unknown god.
   393 | D:1      | Reached XP level 3. HP: 36/36 MP: 3/3
   410 | D:1      | 410 ||| Stepping ~*~*~tactically~*~*~ (outnumbered).
   411 | D:1      | 411 ||| Stepping ~*~*~tactically~*~*~ (outnumbered).
   412 | D:1      | 412 ||| Stepping ~*~*~tactically~*~*~ (outnumbered).
   413 | D:1      | 413 ||| Stepping ~*~*~tactically~*~*~ (outnumbered).
   414 | D:1      | 414 ||| Stepping ~*~*~tactically~*~*~ (outnumbered).
   515 | D:1      | 515 ||| Stepping ~*~*~tactically~*~*~ (outnumbered).
   516 | D:1      | 516 ||| Stepping ~*~*~tactically~*~*~ (outnumbered).
   785 | D:1      | 785 ||| READING scroll labelled TUISUGG KOENO.
   786 | D:1      | 786 ||| READING 2 scrolls labelled FENLOM FAYCIPT.
   787 | D:1      | 787 ||| DRINKING 2 yellow potions.
   788 | D:1      | 788 ||| DROPPING scroll of butterflies.
   830 | D:2      | 830 ||| STAIRDANCE
   845 | D:2      | Noticed Sigmund
   846 | D:2      | 846 ||| Stepping ~*~*~tactically~*~*~ (hiding).
   848 | D:2      | 848 ||| Stepping ~*~*~tactically~*~*~ (hiding).
   853 | D:2      | 853 ||| DRINKING potion of curing.
   853 | D:2      | 853 ||| (to cure confusion)
   857 | D:2      | 857 ||| INVOKING Fiery Armour.
   859 | D:2      | Killed Sigmund
   860 | D:2      | Reached skill level 6 in Unarmed Combat
   860 | D:2      | Reached XP level 4. HP: 15/44 MP: 4/4
   860 | D:2      | Reached XP level 5. HP: 18/50 MP: 5/5
   880 | D:2      | 880 ||| FLEEEEING.
   881 | D:2      | 881 ||| FLEEEEING.
   882 | D:2      | 882 ||| FLEEEEING.
   883 | D:2      | 883 ||| FLEEEEING.
   884 | D:2      | 884 ||| STAIRDANCE
  1001 | D:2      | Noticed Ijyb
  1002 | D:2      | 1002 ||| Stepping ~*~*~tactically~*~*~ (hiding).
  1007 | D:2      | 1007 ||| Stepping ~*~*~tactically~*~*~ (outnumbered).
  1009 | D:2      | 1009 ||| Stepping ~*~*~tactically~*~*~ (outnumbered).
  1010 | D:2      | 1010 ||| Stepping ~*~*~tactically~*~*~ (outnumbered).
  1011 | D:2      | 1011 ||| Stepping ~*~*~tactically~*~*~ (outnumbered).
  1012 | D:2      | 1012 ||| Stepping ~*~*~tactically~*~*~ (outnumbered).
  1013 | D:2      | 1013 ||| Stepping ~*~*~tactically~*~*~ (outnumbered).
  1014 | D:2      | 1014 ||| Stepping ~*~*~tactically~*~*~ (outnumbered).
  1015 | D:2      | 1015 ||| Stepping ~*~*~tactically~*~*~ (outnumbered).
  1029 | D:2      | Killed Ijyb
  1061 | D:2      | 1061 ||| Stepping ~*~*~tactically~*~*~ (stealth).
  1066 | D:2      | 1066 ||| Stepping ~*~*~tactically~*~*~ (stealth).
  1421 | D:2      | 1421 ||| UPGRADING to +2 robe.
  1431 | D:2      | 1431 ||| DROPPING +0 robe.
  1432 | D:2      | 1432 ||| DRINKING 2 clear potions.
  1433 | D:2      | 1433 ||| DRINKING 2 coppery potions.
  1434 | D:2      | 1434 ||| READING 3 scrolls of identify.
  1434 | D:2      | 1434 ||| IDENTIFYING murky black potion
  1435 | D:2      | 1435 ||| READING 2 scrolls of identify.
  1435 | D:2      | 1435 ||| IDENTIFYING pink potion
  1436 | D:2      | 1436 ||| DROPPING potion of flight.
  1437 | D:2      | 1437 ||| DROPPING potion of attraction.
  1438 | D:2      | 1438 ||| DROPPING potion of invisibility.
  1450 | D:3      | 1450 ||| STAIRDANCE
  1454 | D:2      | Reached XP level 6. HP: 59/59 MP: 6/6
  1579 | D:3      | You fall into a shaft and drop 2 floors!
  1579 | D:5      | Entered Level 5 of the Dungeon
  1580 | D:5      | 1580 ||| PLANNING OSSUARY
  1620 | D:5      | Found a staircase to the Ecumenical Temple.
  1720 | D:5      | Reached skill level 7 in Unarmed Combat
  1865 | D:5      | Found a sand-covered staircase.
  1866 | D:5      | 1866 ||| READING 2 scrolls labelled WOET XIRGHU.
  1867 | D:5      | 1867 ||| DRINKING 2 fizzy pink potions.
  1867 | D:5      | Gained mutation: You occasionally lose the ability to drink
                  | potions when taking damage. [potion of mutation]
  1868 | D:5      | 1868 ||| DRINKING potion of mutation.
  1868 | D:5      | Lost mutation: You occasionally lose the ability to drink
                  | potions when taking damage. [potion of mutation]
  1868 | D:5      | Gained mutation: You are agile. (Dex +4, Str/Int -1)
                  | [potion of mutation]
  1868 | D:5      | Gained mutation: You are weak. (Str -2) [potion of
                  | mutation]
  1868 | D:5      | Gained mutation: You occasionally lose the ability to drink
                  | potions when taking damage. [potion of mutation]
  1869 | D:5      | 1869 ||| DROPPING scroll of fear.
  1874 | Ossuary  | Entered an ossuary
  1883 | Ossuary  | 1883 ||| Stepping ~*~*~tactically~*~*~ (stealth).
  1884 | Ossuary  | 1884 ||| Stepping ~*~*~tactically~*~*~ (stealth).
  1894 | Ossuary  | 1894 ||| Stepping ~*~*~tactically~*~*~ (outnumbered).
  1896 | Ossuary  | 1896 ||| Stepping ~*~*~tactically~*~*~ (outnumbered).
  1915 | Ossuary  | Reached skill level 1 in Dodging
  2053 | D:5      | 2053 ||| PLANNING D:1-11
  2096 | D:5      | 2096 ||| INVOKING Fiery Armour.
  2097 | D:5      | Reached skill level 1 in Throwing
  2097 | D:5      | Reached XP level 7. HP: 24/66 MP: 7/7
  2198 | D:5      | 2198 ||| Stepping ~*~*~tactically~*~*~ (stealth).
  2201 | D:5      | 2201 ||| Stepping ~*~*~tactically~*~*~ (stealth).
  2364 | D:4      | 2364 ||| READING 2 scrolls of identify.
  2364 | D:4      | 2364 ||| IDENTIFYING cyan potion
  2365 | D:4      | 2365 ||| DROPPING potion of degeneration.
  2386 | D:3      | Found a burning altar of Makhleb.
  2400 | D:3      | Identified the +2 mace of Kismet {freeze, +Blink Int-3
                  | SInv}
  2561 | D:3      | 2561 ||| Stepping ~*~*~tactically~*~*~ (stealth).
  2663 | D:3      | 2663 ||| DROPPING +0 robe of willpower.
  2795 | D:3      | 2795 ||| READING scroll labelled UDOAHI ECSE.
  2796 | D:3      | 2796 ||| READING scroll labelled SYKULIU JEGAFI.
  2797 | D:3      | 2797 ||| READING 2 scrolls of identify.
  2797 | D:3      | 2797 ||| IDENTIFYING murky yellow potion
  2798 | D:3      | 2798 ||| DROPPING potion of lignification.
  3246 | D:4      | Reached skill level 8 in Unarmed Combat
  3368 | D:4      | Found a glowing silver altar of Zin.
  3368 | D:4      | Noticed an angel
  3522 | D:4      | 3522 ||| UPGRADING to +6 ring of dexterity.
  3578 | D:5      | 3578 ||| Stepping ~*~*~tactically~*~*~ (hiding).
  3995 | D:5      | 3995 ||| UPGRADING to ring of protection from fire.
  3996 | D:5      | 3996 ||| READING 4 scrolls labelled TYH KYUNOGA.
  4001 | D:5      | 4001 ||| READING scroll labelled ZALEMU NIDDIA.
  4021 | D:6      | 4021 ||| Stepping ~*~*~tactically~*~*~ (outnumbered).
  4026 | D:6      | Reached skill level 3 in Fighting
  4206 | D:6      | 4206 ||| Stepping ~*~*~tactically~*~*~ (stealth).
  4220 | D:6      | Reached skill level 3 in Throwing
  4263 | D:6      | Reached XP level 8. HP: 75/75 MP: 8/8
  4448 | D:6      | 4448 ||| DRINKING potion of mutation.
  4448 | D:6      | Lost mutation: You are agile. (Dex +4, Str/Int -1) [potion
                  | of mutation]
  4448 | D:6      | Lost mutation: You occasionally lose the ability to drink
                  | potions when taking damage. [potion of mutation]
  4448 | D:6      | Gained mutation: Your movements are slightly less
                  | encumbered by armour. (ER -2) [potion of mutation]
  4448 | D:6      | Lost mutation: Your movements are slightly less encumbered
                  | by armour. (ER -2) [potion of mutation]
  4562 | D:6      | 4562 ||| UPGRADING to amulet of regeneration.
  4588 | D:7      | Found an opulent altar of Gozag.
  4640 | D:7      | 4640 ||| Stepping ~*~*~tactically~*~*~ (hiding).
  4649 | D:7      | Reached skill level 9 in Unarmed Combat
  4686 | D:7      | 4686 ||| Stepping ~*~*~tactically~*~*~ (stealth).
  4740 | D:7      | 4740 ||| Stepping ~*~*~tactically~*~*~ (stealth).
  4743 | D:7      | 4743 ||| Stepping ~*~*~tactically~*~*~ (hiding).
  4755 | D:7      | 4755 ||| Stepping ~*~*~tactically~*~*~ (hiding).
  4770 | D:7      | Reached skill level 10 in Unarmed Combat
  4823 | D:7      | Noticed a manticore
  4827 | D:7      | 4827 ||| INVOKING Fiery Armour.
  4830 | D:7      | Killed a manticore
  4831 | D:7      | Reached XP level 9. HP: 41/87 MP: 9/9
  4892 | D:7      | 4892 ||| Stepping ~*~*~tactically~*~*~ (stealth).
  4894 | D:7      | 4894 ||| Stepping ~*~*~tactically~*~*~ (stealth).
  4901 | D:7      | 4901 ||| FLEEEEING.
  4914 | D:7      | 4914 ||| FLEEEEING.
  4924 | D:7      | 4924 ||| Stepping ~*~*~tactically~*~*~ (stealth).
  4955 | D:7      | Noticed a troll
  4958 | D:7      | 4958 ||| Stepping ~*~*~tactically~*~*~ (outnumbered).
  4961 | D:7      | Killed a troll
  4965 | D:7      | Reached skill level 11 in Unarmed Combat
  4965 | D:7      | 4965 ||| Stepping ~*~*~tactically~*~*~ (stealth).
  5018 | D:7      | 5018 ||| Stepping ~*~*~tactically~*~*~ (hiding).
  5022 | D:7      | 5022 ||| Stepping ~*~*~tactically~*~*~ (stealth).
  5056 | D:7      | Noticed Dowan
  5063 | D:7      | Killed Dowan
  5066 | D:7      | Noticed Duvessa
  5072 | D:7      | Killed Duvessa
  5362 | D:7      | Found a shimmering blue altar of Sif Muna.
  5676 | D:7      | 5676 ||| UPGRADING to +2 cloak.
  5681 | D:7      | 5681 ||| UPGRADING to +4 ring of evasion.
  5683 | D:7      | 5683 ||| READING scroll labelled AGU ELUL RAD.
  5684 | D:7      | 5684 ||| READING 3 scrolls labelled IZITTA NUKE.
  5685 | D:7      | 5685 ||| READING scroll labelled XUAJOI LE TUC.
  5686 | D:7      | 5686 ||| READING 3 scrolls of identify.
  5686 | D:7      | 5686 ||| IDENTIFYING murky emerald potion
  5687 | D:7      | 5687 ||| READING 2 scrolls of identify.
  5687 | D:7      | 5687 ||| IDENTIFYING bubbling brown potion
  5688 | D:7      | 5688 ||| DROPPING potion of berserk rage.
  5689 | D:7      | 5689 ||| DROPPING 2 scrolls of blinking.
  5757 | D:8      | 5757 ||| Stepping ~*~*~tactically~*~*~ (hiding).
  5770 | D:8      | 5770 ||| Stepping ~*~*~tactically~*~*~ (outnumbered).
  5771 | D:8      | 5771 ||| INVOKING Fiery Armour.
  5775 | D:8      | Reached skill level 12 in Unarmed Combat
  5838 | D:8      | Found Myte's Jewellery Shop.
  5841 | D:8      | 5841 ||| BUYING amulet of reflection (300 gold).
  5841 | D:8      | Bought an amulet of reflection for 300 gold pieces
  5841 | D:8      | 5841 ||| BUYING ring of protection from cold (250 gold).
  5841 | D:8      | Bought a ring of protection from cold for 250 gold pieces
  5882 | D:8      | 5882 ||| Stepping ~*~*~tactically~*~*~ (hiding).
  5894 | D:8      | 5894 ||| Stepping ~*~*~tactically~*~*~ (hiding).
  5898 | D:8      | 5898 ||| Stepping ~*~*~tactically~*~*~ (hiding).
  5905 | D:8      | Reached XP level 10. HP: 96/96 MP: 10/10
  5980 | D:8      | Noticed a centaur warrior
  5981 | D:8      | 5981 ||| Stepping ~*~*~tactically~*~*~ (stealth).
  5984 | D:8      | 5984 ||| Stepping ~*~*~tactically~*~*~ (hiding).
  5995 | D:8      | Killed a centaur warrior
  5996 | D:8      | Reached skill level 13 in Unarmed Combat
  6080 | D:8      | 6080 ||| Stepping ~*~*~tactically~*~*~ (hiding).
  6094 | D:8      | Reached skill level 1 in Armour
  6273 | D:8      | Noticed a red ugly thing
  6279 | D:8      | Killed a red ugly thing
  6282 | D:8      | 6282 ||| INVOKING Fiery Armour.
  6316 | D:8      | Noticed a death knight
  6317 | D:8      | 6317 ||| FLEEEEING.
  6318 | D:8      | 6318 ||| FLEEEEING.
  6319 | D:8      | 6319 ||| FLEEEEING.
  6320 | D:8      | 6320 ||| FLEEEEING.
  6327 | D:8      | 6327 ||| Stepping ~*~*~tactically~*~*~ (hiding).
  6337 | D:8      | HP: 24/96 [mirror damage (16)]
  6338 | D:8      | Killed a death knight
  6339 | D:8      | Reached skill level 14 in Unarmed Combat
  6412 | D:8      | 6412 ||| FLEEEEING.
  6583 | D:8      | 6583 ||| UPGRADING to +0 steam dragon scales.
  6593 | D:8      | 6593 ||| DROPPING +2 robe.
  6594 | D:8      | 6594 ||| UPGRADING to +0 acid dragon scales.
  6604 | D:8      | 6604 ||| DROPPING +0 steam dragon scales.
  6605 | D:8      | 6605 ||| READING scroll of enchant armour.
  6605 | D:8      | 6605 ||| ENCHANTING +0 acid dragon scales.
  6606 | D:8      | 6606 ||| UPGRADING to amulet of reflection.
  6616 | D:8      | 6616 ||| DROPPING amulet of regeneration.
  6617 | D:8      | 6617 ||| READING 2 scrolls of identify.
  6617 | D:8      | 6617 ||| IDENTIFYING bubbling sapphire potion
  6618 | D:8      | 6618 ||| DROPPING potion of magic.
  6671 | D:9      | Noticed Amaemon
  6673 | D:9      | Noticed Pikel
  6673 | D:9      | 6673 ||| INVOKING Fiery Armour.
  6688 | D:9      | Killed Amaemon
  6689 | D:9      | Reached XP level 11. HP: 86/105 MP: 11/11
  6696 | D:9      | Killed Pikel
  6697 | D:9      | Reached skill level 6 in Fighting
  6740 | D:9      | 6740 ||| Stepping ~*~*~tactically~*~*~ (hiding).
  6863 | D:9      | Found a white marble altar of Elyvilon.
  6863 | D:9      | Found a shimmering altar of Xom.
  6867 | D:9      | Found a snail-covered altar of Cheibriados.
  6876 | D:9      | Noticed Joseph
  6877 | D:9      | 6877 ||| Stepping ~*~*~tactically~*~*~ (stealth).
  6879 | D:9      | 6879 ||| Stepping ~*~*~tactically~*~*~ (hiding).
  6884 | D:9      | 6884 ||| DRINKING 7 potions of curing.
  6884 | D:9      | 6884 ||| (to cure confusion)
  6895 | D:9      | Killed Joseph
  6998 | D:9      | 6998 ||| FLEEEEING.
  7038 | D:9      | 7038 ||| Stepping ~*~*~tactically~*~*~ (stealth).
  7140 | D:9      | 7140 ||| Stepping ~*~*~tactically~*~*~ (stealth).
  7141 | D:9      | 7141 ||| Stepping ~*~*~tactically~*~*~ (stealth).
  7491 | D:9      | 7491 ||| Stepping ~*~*~tactically~*~*~ (stealth).
  7493 | D:9      | 7493 ||| Stepping ~*~*~tactically~*~*~ (hiding).
  7502 | D:9      | 7502 ||| Stepping ~*~*~tactically~*~*~ (hiding).
  7503 | D:9      | 7503 ||| INVOKING Fiery Armour.
  7528 | D:9      | 7528 ||| FLEEEEING.
  7561 | D:9      | 7561 ||| Stepping ~*~*~tactically~*~*~ (stealth).
  7582 | D:9      | Found a staircase to the Orcish Mines.
  7704 | D:9      | 7704 ||| UPGRADING to +4 ring of protection.
  7706 | D:9      | 7706 ||| DROPPING +6 ring of dexterity.
  7707 | D:9      | 7707 ||| DROPPING ring of protection from cold.
  7719 | D:10     | Entered Level 10 of the Dungeon
  7728 | D:10     | Noticed Fannar
  7729 | D:10     | 7729 ||| Stepping ~*~*~tactically~*~*~ (hiding).
  7738 | D:10     | 7738 ||| Stepping ~*~*~tactically~*~*~ (outnumbered).
  7739 | D:10     | 7739 ||| Stepping ~*~*~tactically~*~*~ (outnumbered).
  7748 | D:10     | Reached skill level 6 in Throwing
  7760 | D:10     | Killed Fannar
  7761 | D:10     | Reached skill level 15 in Unarmed Combat
  7811 | D:10     | Reached skill level 3 in Armour
  7855 | D:10     | 7855 ||| Stepping ~*~*~tactically~*~*~ (hiding).
  8261 | D:10     | Found a broken altar of Ashenzari.
  8540 | D:10     | 8540 ||| Stepping ~*~*~tactically~*~*~ (stealth).
  8544 | D:10     | Noticed Josephine
  8545 | D:10     | 8545 ||| Stepping ~*~*~tactically~*~*~ (hiding).
  8557 | D:10     | Killed Josephine
  8558 | D:10     | Reached skill level 16 in Unarmed Combat
  8968 | D:10     | 8968 ||| READING scroll labelled ONGUTA SEPLUTHRE.
  9016 | D:10     | 9016 ||| READING 2 scrolls of identify.
  9016 | D:10     | 9016 ||| IDENTIFYING smoky grey potion
  9017 | D:10     | 9017 ||| DROPPING potion of brilliance.
  9082 | D:11     | 9082 ||| FLEEEEING.
  9082 | D:11     | Found a staircase to the Lair.
  9083 | D:11     | 9083 ||| FLEEEEING.
  9084 | D:11     | 9084 ||| FLEEEEING.
  9085 | D:11     | 9085 ||| INVOKING Fiery Armour.
  9140 | D:11     | 9140 ||| Stepping ~*~*~tactically~*~*~ (outnumbered).
  9141 | D:11     | 9141 ||| Stepping ~*~*~tactically~*~*~ (outnumbered).
  9142 | D:11     | 9142 ||| Stepping ~*~*~tactically~*~*~ (outnumbered).
  9250 | D:11     | Reached XP level 12. HP: 115/115 MP: 12/12
  9270 | D:11     | 9270 ||| Stepping ~*~*~tactically~*~*~ (hiding).
  9271 | D:11     | 9271 ||| Stepping ~*~*~tactically~*~*~ (hiding).
  9282 | D:11     | 9282 ||| Stepping ~*~*~tactically~*~*~ (outnumbered).
  9373 | D:11     | Noticed a four-headed hydra
  9374 | D:11     | 9374 ||| INVOKING Fiery Armour.
  9378 | D:11     | Killed a six-headed hydra
  9681 | D:11     | 9681 ||| DROPPING ring of flight.
  9682 | D:11     | 9682 ||| PLANNING LAIR
  9682 | D:11     | 9682 ||| DROPPING ring of resist corrosion.
  9683 | D:11     | 9683 ||| READING 2 scrolls labelled XEDAYTEOG.
  9684 | D:11     | 9684 ||| DROPPING scroll of summoning.
  9719 | Lair:1   | Entered Level 1 of the Lair of Beasts
  9815 | Lair:1   | 9815 ||| Stepping ~*~*~tactically~*~*~ (stealth).
  9817 | Lair:1   | 9817 ||| Stepping ~*~*~tactically~*~*~ (stealth).
  9980 | Lair:1   | 9980 ||| Stepping ~*~*~tactically~*~*~ (stealth).
  9981 | Lair:1   | Noticed an eight-headed hydra
  9982 | Lair:1   | 9982 ||| Stepping ~*~*~tactically~*~*~ (stealth).
  9984 | Lair:1   | 9984 ||| INVOKING Fiery Armour.
  9987 | Lair:1   | Killed a ten-headed hydra
  9990 | Lair:1   | Reached skill level 17 in Unarmed Combat
  9998 | Lair:1   | 9998 ||| Stepping ~*~*~tactically~*~*~ (hiding).
 10370 | Lair:1   | Found a transporter.
 10372 | Lair:1   | Found a transporter.
 10375 | Lair:1   | Noticed a boulder beetle
 10602 | Lair:1   | 10602 ||| Stepping ~*~*~tactically~*~*~ (stealth).
 10604 | Lair:1   | 10604 ||| INVOKING Fiery Armour.
 10774 | Lair:1   | 10774 ||| UPGRADING to +1 hat.
 10779 | Lair:1   | 10779 ||| DROPPING +6 ring of intelligence.
 10780 | Lair:1   | 10780 ||| READING 2 scrolls of identify.
 10780 | Lair:1   | 10780 ||| IDENTIFYING blue potion
 10941 | Lair:2   | Noticed Maggie
 10942 | Lair:2   | 10942 ||| Stepping ~*~*~tactically~*~*~ (hiding).
 10943 | Lair:2   | 10943 ||| Stepping ~*~*~tactically~*~*~ (hiding).
 10944 | Lair:2   | 10944 ||| Stepping ~*~*~tactically~*~*~ (hiding).
 10957 | Lair:2   | Killed Maggie
 10997 | Lair:2   | Found a hole to the Spider Nest.
 11174 | Lair:2   | 11174 ||| Stepping ~*~*~tactically~*~*~ (outnumbered).
 11176 | Lair:2   | Reached skill level 18 in Unarmed Combat
 11176 | Lair:2   | 11176 ||| Stepping ~*~*~tactically~*~*~ (outnumbered).
 11177 | Lair:2   | 11177 ||| Stepping ~*~*~tactically~*~*~ (outnumbered).
 11180 | Lair:2   | 11180 ||| Stepping ~*~*~tactically~*~*~ (outnumbered).
 11181 | Lair:2   | 11181 ||| Stepping ~*~*~tactically~*~*~ (outnumbered).
 11182 | Lair:2   | 11182 ||| Stepping ~*~*~tactically~*~*~ (outnumbered).
 11183 | Lair:2   | 11183 ||| Stepping ~*~*~tactically~*~*~ (outnumbered).
 11184 | Lair:2   | 11184 ||| Stepping ~*~*~tactically~*~*~ (outnumbered).
 11272 | Lair:2   | Noticed a five-headed hydra
 11273 | Lair:2   | 11273 ||| INVOKING Fiery Armour.
 11279 | Lair:2   | Killed a seven-headed hydra
 11435 | Lair:2   | Found a dark tunnel.
 11559 | Lair:2   | 11559 ||| UPGRADING to +0 swamp dragon scales.
 11602 | Lair:3   | 11602 ||| Stepping ~*~*~tactically~*~*~ (hiding).
 11629 | Lair:3   | Noticed an eight-headed hydra
 11630 | Lair:3   | 11630 ||| INVOKING Fiery Armour.
 11639 | Lair:3   | Killed a ten-headed hydra
 11654 | Lair:3   | Noticed a five-headed hydra
 11663 | Lair:3   | Killed an eight-headed hydra
 11675 | Lair:3   | Noticed a four-headed hydra
 11683 | Lair:3   | Killed a six-headed hydra
 11684 | Lair:3   | Reached XP level 13. HP: 118/127 MP: 13/13
 11719 | Lair:3   | 11719 ||| READING scroll of enchant armour.
 11719 | Lair:3   | 11719 ||| ENCHANTING +0 swamp dragon scales.
 11752 | Lair:3   | 11752 ||| Stepping ~*~*~tactically~*~*~ (stealth).
 11753 | Lair:3   | 11753 ||| Stepping ~*~*~tactically~*~*~ (stealth).
 11758 | Lair:3   | 11758 ||| Stepping ~*~*~tactically~*~*~ (outnumbered).
 11759 | Lair:3   | 11759 ||| Stepping ~*~*~tactically~*~*~ (outnumbered).
 11760 | Lair:3   | 11760 ||| Stepping ~*~*~tactically~*~*~ (outnumbered).
 11762 | Lair:3   | 11762 ||| Stepping ~*~*~tactically~*~*~ (hiding).
 11769 | Lair:3   | 11769 ||| Stepping ~*~*~tactically~*~*~ (outnumbered).
 11835 | Lair:3   | Found a staircase to the Shoals.
 11836 | Lair:3   | 11836 ||| PLANNING TEMPLE
 11836 | Lair:3   | 11836 ||| DROPPING +1 acid dragon scales.
 12016 | Temple   | Entered the Ecumenical Temple
 12086 | Temple   | 12086 ||| PLANNING CONVERSION TO OKAWARU
 12093 | Temple   | Fell from the grace of Ignis
 12093 | Temple   | Became a worshipper of Warmaster Okawaru
 12094 | Temple   | 12094 ||| PLANNING LAIR
 12270 | Lair:3   | 12270 ||| Stepping ~*~*~tactically~*~*~ (outnumbered).
 12271 | Lair:3   | 12271 ||| Stepping ~*~*~tactically~*~*~ (outnumbered).
 12272 | Lair:3   | 12272 ||| Stepping ~*~*~tactically~*~*~ (outnumbered).
 12273 | Lair:3   | 12273 ||| Stepping ~*~*~tactically~*~*~ (outnumbered).
 12351 | Lair:3   | 12351 ||| READING scroll of enchant armour.
 12351 | Lair:3   | 12351 ||| ENCHANTING +1 swamp dragon scales.
 12469 | Lair:3   | 12469 ||| READING scroll of enchant armour.
 12469 | Lair:3   | 12469 ||| ENCHANTING +2 swamp dragon scales.
 12956 | Lair:3   | 12956 ||| DROPPING +4 ring of slaying {mikee}.
 12957 | Lair:3   | 12957 ||| READING scroll labelled HIOGUF LIB SEW.
 12958 | Lair:3   | 12958 ||| READING scroll labelled IFAEWI MIUS.
 13076 | Lair:4   | Identified the +1 robe "Wacoedeh" {rElec}
 13101 | Lair:4   | Reached * piety under Okawaru
 13102 | Lair:4   | 13102 ||| INVOKING Heroism.
 13103 | Lair:4   | 13103 ||| Stepping ~*~*~tactically~*~*~ (outnumbered).
 13104 | Lair:4   | 13104 ||| Stepping ~*~*~tactically~*~*~ (outnumbered).
 13105 | Lair:4   | 13105 ||| Stepping ~*~*~tactically~*~*~ (outnumbered).
 13106 | Lair:4   | 13106 ||| Stepping ~*~*~tactically~*~*~ (outnumbered).
 13149 | Lair:4   | 13149 ||| FLEEEEING.
 13150 | Lair:4   | 13150 ||| FLEEEEING.
 13151 | Lair:4   | 13151 ||| FLEEEEING.
 13152 | Lair:4   | 13152 ||| FLEEEEING.
 13153 | Lair:4   | 13153 ||| FLEEEEING.
 13154 | Lair:4   | 13154 ||| FLEEEEING.
 13155 | Lair:4   | 13155 ||| FLEEEEING.
 13156 | Lair:4   | 13156 ||| FLEEEEING.
 13157 | Lair:4   | 13157 ||| FLEEEEING.
 13158 | Lair:4   | 13158 ||| FLEEEEING.
 13159 | Lair:4   | 13159 ||| STAIRDANCE
 13161 | Lair:3   | 13161 ||| INVOKING Heroism.
 13163 | Lair:3   | Reached skill level 1 in Invocations
 13179 | Lair:4   | 13179 ||| STAIRDANCE
 13181 | Lair:3   | 13181 ||| INVOKING Heroism.
 13182 | Lair:3   | 13182 ||| INVOKING Heroism.
 13222 | Lair:4   | 13222 ||| STAIRDANCE
 13224 | Lair:3   | 13224 ||| INVOKING Heroism.
 13243 | Lair:4   | 13243 ||| INVOKING Heroism.
 13335 | Lair:4   | 13335 ||| Stepping ~*~*~tactically~*~*~ (stealth).
 13337 | Lair:4   | 13337 ||| Stepping ~*~*~tactically~*~*~ (stealth).
 13343 | Lair:4   | 13343 ||| INVOKING Heroism.
 13353 | Lair:4   | 13353 ||| Stepping ~*~*~tactically~*~*~ (stealth).
 13410 | Lair:4   | 13410 ||| Stepping ~*~*~tactically~*~*~ (stealth).
 13411 | Lair:4   | 13411 ||| Stepping ~*~*~tactically~*~*~ (stealth).
 13412 | Lair:4   | 13412 ||| INVOKING Heroism.
 13508 | Lair:4   | 13508 ||| INVOKING Heroism.
 13523 | Lair:4   | Reached skill level 3 in Invocations
 13599 | Lair:4   | You fall into a shaft and drop 1 floor!
 13599 | Lair:5   | Entered Level 5 of the Lair of Beasts
 13614 | Lair:5   | Reached skill level 19 in Unarmed Combat
 13656 | Lair:5   | 13656 ||| INVOKING Heroism.
 13665 | Lair:5   | Reached ** piety under Okawaru
 13783 | Lair:5   | 13783 ||| INVOKING Heroism.
 13788 | Lair:5   | 13788 ||| Stepping ~*~*~tactically~*~*~ (stealth).
 13789 | Lair:5   | 13789 ||| Stepping ~*~*~tactically~*~*~ (stealth).
 13793 | Lair:5   | 13793 ||| Stepping ~*~*~tactically~*~*~ (stealth).
 13798 | Lair:5   | 13798 ||| Stepping ~*~*~tactically~*~*~ (stealth).
 13799 | Lair:5   | 13799 ||| INVOKING Heroism.
 13823 | Lair:5   | 13823 ||| INVOKING Heroism.
 13846 | Lair:5   | 13846 ||| Stepping ~*~*~tactically~*~*~ (hiding).
 13858 | Lair:5   | Reached skill level 9 in Fighting
 13895 | Lair:5   | 13895 ||| Stepping ~*~*~tactically~*~*~ (stealth).
 13898 | Lair:5   | 13898 ||| Stepping ~*~*~tactically~*~*~ (stealth).
 13899 | Lair:5   | 13899 ||| Stepping ~*~*~tactically~*~*~ (stealth).
 13905 | Lair:5   | Reached *** piety under Okawaru
 13920 | Lair:5   | 13920 ||| Stepping ~*~*~tactically~*~*~ (outnumbered).
 13921 | Lair:5   | 13921 ||| Stepping ~*~*~tactically~*~*~ (outnumbered).
 13922 | Lair:5   | 13922 ||| Stepping ~*~*~tactically~*~*~ (outnumbered).
 13923 | Lair:5   | 13923 ||| Stepping ~*~*~tactically~*~*~ (outnumbered).
 13924 | Lair:5   | 13924 ||| Stepping ~*~*~tactically~*~*~ (outnumbered).
 13925 | Lair:5   | 13925 ||| Stepping ~*~*~tactically~*~*~ (outnumbered).
 13928 | Lair:5   | 13928 ||| Stepping ~*~*~tactically~*~*~ (outnumbered).
 14012 | Lair:5   | 14012 ||| Stepping ~*~*~tactically~*~*~ (stealth).
 14013 | Lair:5   | 14013 ||| Stepping ~*~*~tactically~*~*~ (stealth).
 14021 | Lair:5   | 14021 ||| Stepping ~*~*~tactically~*~*~ (stealth).
 14052 | Lair:5   | Received a gift from Okawaru
 14060 | Lair:5   | 14060 ||| Stepping ~*~*~tactically~*~*~ (hiding).
 14075 | Lair:5   | 14075 ||| INVOKING Heroism.
 14114 | Lair:5   | 14114 ||| READING scroll labelled VYOHAS OLUZEB.
 14116 | Lair:5   | 14116 ||| READING scroll labelled LEYBAO DYOSTIO.
 14386 | Lair:5   | 14386 ||| Stepping ~*~*~tactically~*~*~ (hiding).
 14392 | Lair:5   | 14392 ||| INVOKING Heroism.
 14400 | Lair:5   | 14400 ||| Stepping ~*~*~tactically~*~*~ (stealth).
 14405 | Lair:5   | 14405 ||| Stepping ~*~*~tactically~*~*~ (stealth).
 14432 | Lair:5   | 14432 ||| INVOKING Heroism.
 14449 | Lair:5   | 14449 ||| Stepping ~*~*~tactically~*~*~ (stealth).
 14450 | Lair:5   | 14450 ||| Stepping ~*~*~tactically~*~*~ (stealth).
 14453 | Lair:5   | 14453 ||| INVOKING Heroism.
 14484 | Lair:5   | 14484 ||| INVOKING Heroism.
 14487 | Lair:5   | Reached XP level 14. HP: 140/140 MP: 13/16
 14565 | Lair:5   | 14565 ||| Stepping ~*~*~tactically~*~*~ (stealth).
 14566 | Lair:5   | 14566 ||| Stepping ~*~*~tactically~*~*~ (stealth).
 14568 | Lair:5   | 14568 ||| INVOKING Heroism.
 14581 | Lair:5   | Reached **** piety under Okawaru
 14651 | Lair:5   | 14651 ||| Stepping ~*~*~tactically~*~*~ (stealth).
 14653 | Lair:5   | 14653 ||| Stepping ~*~*~tactically~*~*~ (hiding).
 14807 | Lair:5   | 14807 ||| INVOKING Heroism.
 14810 | Lair:5   | 14810 ||| Stepping ~*~*~tactically~*~*~ (stealth).
 14859 | Lair:5   | 14859 ||| INVOKING Heroism.
 14863 | Lair:5   | Reached skill level 20 in Unarmed Combat
 15138 | Lair:5   | 15138 ||| Stepping ~*~*~tactically~*~*~ (stealth).
 15153 | Lair:5   | Found a viscous altar of Jiyva.
 15155 | Lair:5   | 15155 ||| FLEEEEING.
 15275 | Lair:5   | 15275 ||| INVOKING Heroism.
 15276 | Lair:5   | Found a staircase to the Slime Pits.
 15453 | Lair:5   | 15453 ||| Stepping ~*~*~tactically~*~*~ (outnumbered).
 15455 | Lair:5   | 15455 ||| Stepping ~*~*~tactically~*~*~ (outnumbered).
 15456 | Lair:5   | 15456 ||| Stepping ~*~*~tactically~*~*~ (outnumbered).
 15457 | Lair:5   | 15457 ||| Stepping ~*~*~tactically~*~*~ (outnumbered).
 15479 | Lair:5   | 15479 ||| PLANNING D
 15479 | Lair:5   | 15479 ||| DRINKING 2 lumpy white potions.
 15603 | D:12     | Found a shimmering altar of Xom.
 15780 | D:12     | 15780 ||| Stepping ~*~*~tactically~*~*~ (stealth).
 15782 | D:12     | 15782 ||| Stepping ~*~*~tactically~*~*~ (stealth).
 15784 | D:12     | 15784 ||| Stepping ~*~*~tactically~*~*~ (hiding).
 15888 | D:12     | Received a gift from Okawaru
 15972 | D:12     | 15972 ||| Stepping ~*~*~tactically~*~*~ (hiding).
 16042 | D:12     | 16042 ||| Stepping ~*~*~tactically~*~*~ (stealth).
 16043 | D:12     | 16043 ||| Stepping ~*~*~tactically~*~*~ (stealth).
 16366 | D:12     | 16366 ||| Stepping ~*~*~tactically~*~*~ (hiding).
 16439 | D:13     | 16439 ||| PLANNING GAUNTLET
 16472 | D:13     | 16472 ||| Stepping ~*~*~tactically~*~*~ (hiding).
 16515 | D:13     | 16515 ||| Stepping ~*~*~tactically~*~*~ (hiding).
 16516 | D:13     | 16516 ||| Stepping ~*~*~tactically~*~*~ (hiding).
 16785 | D:13     | 16785 ||| INVOKING Heroism.
 16788 | D:13     | 16788 ||| Stepping ~*~*~tactically~*~*~ (outnumbered).
 16792 | D:13     | Reached skill level 6 in Invocations
 16795 | D:13     | Reached ***** piety under Okawaru
 16829 | D:13     | 16829 ||| Stepping ~*~*~tactically~*~*~ (outnumbered).
 16835 | D:13     | 16835 ||| Stepping ~*~*~tactically~*~*~ (outnumbered).
 16836 | D:13     | 16836 ||| Stepping ~*~*~tactically~*~*~ (outnumbered).
 16837 | D:13     | 16837 ||| Stepping ~*~*~tactically~*~*~ (outnumbered).
 16863 | D:13     | Found a gate to the Vaults.
 16913 | D:13     | 16913 ||| Stepping ~*~*~tactically~*~*~ (stealth).
 16918 | D:13     | 16918 ||| INVOKING Heroism.
 16928 | D:13     | 16928 ||| Stepping ~*~*~tactically~*~*~ (hiding).
 16982 | D:13     | 16982 ||| Stepping ~*~*~tactically~*~*~ (stealth).
 16992 | D:13     | 16992 ||| RIP GAUNTLET
 16993 | D:13     | 16993 ||| PLANNING D
 17005 | D:13     | 17005 ||| FLEEEEING.
 17006 | D:13     | 17006 ||| FLEEEEING.
 17007 | D:13     | 17007 ||| STAIRDANCE
 17044 | D:12     | 17044 ||| UPGRADING to +0 kite shield.
 17102 | D:13     | Noticed Lodul
 17103 | D:13     | 17103 ||| INVOKING Heroism.
 17104 | D:13     | 17104 ||| INVOKING Finesse.
 17106 | D:13     | Reached skill level 1 in Shields
 17112 | D:13     | Killed Lodul
 17114 | D:13     | 17114 ||| Stepping ~*~*~tactically~*~*~ (outnumbered).
 17232 | D:13     | You fall into a shaft and drop 2 floors!
 17232 | D:15     | Entered Level 15 of the Dungeon
 17246 | D:14     | 17246 ||| Stepping ~*~*~tactically~*~*~ (stealth).
 17248 | D:14     | 17248 ||| Stepping ~*~*~tactically~*~*~ (hiding).
 17266 | D:14     | 17266 ||| INVOKING Heroism.
 17267 | D:14     | 17267 ||| INVOKING Finesse.
 17358 | D:14     | 17358 ||| INVOKING Heroism.
 17455 | D:14     | 17455 ||| Stepping ~*~*~tactically~*~*~ (hiding).
 17456 | D:14     | 17456 ||| Stepping ~*~*~tactically~*~*~ (hiding).
 17613 | D:14     | 17613 ||| Stepping ~*~*~tactically~*~*~ (stealth).
 17911 | D:13     | Found an ancient bone altar of Kikubaaqudgha.
 18068 | D:14     | 18068 ||| INVOKING Heroism.
 18069 | D:14     | Received a gift from Okawaru
 18077 | D:14     | 18077 ||| Stepping ~*~*~tactically~*~*~ (hiding).
 18087 | D:14     | Reached skill level 3 in Shields
 18187 | D:14     | 18187 ||| INVOKING Heroism.
 18188 | D:14     | 18188 ||| INVOKING Finesse.
 18199 | D:14     | 18199 ||| Stepping ~*~*~tactically~*~*~ (outnumbered).
 18200 | D:14     | 18200 ||| Stepping ~*~*~tactically~*~*~ (outnumbered).
 18203 | D:14     | 18203 ||| Stepping ~*~*~tactically~*~*~ (outnumbered).
 18204 | D:14     | 18204 ||| Stepping ~*~*~tactically~*~*~ (outnumbered).
 18397 | D:14     | Found a runed translucent gate.
 18397 | D:14     | Found a runed translucent gate.
 18397 | D:14     | Found a runed translucent gate.
 18401 | D:14     | Noticed an azure jelly
 18401 | D:14     | Noticed Axipewex's ghost (journeyman OgTm)
 18401 | D:14     | Noticed a rockslime
 18401 | D:14     | Noticed a rockslime
 18402 | D:14     | Noticed a quicksilver ooze
 18429 | D:14     | 18429 ||| Stepping ~*~*~tactically~*~*~ (hiding).
 18477 | D:14     | You fall into a shaft and drop 1 floor!
 18477 | D:15     | Was forgiven by Ignis
 18486 | D:15     | 18486 ||| Stepping ~*~*~tactically~*~*~ (stealth).
 18491 | D:15     | 18491 ||| Stepping ~*~*~tactically~*~*~ (stealth).
 18501 | D:15     | 18501 ||| Stepping ~*~*~tactically~*~*~ (outnumbered).
 18504 | D:15     | Identified the +1 robe "Lummezi" {rF- Will+ Str+4 Archmagi}
                  | (Okawaru gifted it to you on level 15 of the Dungeon)
 18504 | D:15     | Received a gift from Okawaru
 18511 | D:15     | 18511 ||| INVOKING Heroism.
 18557 | D:15     | 18557 ||| INVOKING Heroism.
 19149 | D:14     | Found a viscous altar of Jiyva.
 19150 | D:14     | 19150 ||| READING 8 scrolls of teleportation.
 19307 | D:15     | 19307 ||| INVOKING Heroism.
 19322 | D:15     | Reached XP level 15. HP: 146/146 MP: 18/20
 19354 | D:15     | 19354 ||| Stepping ~*~*~tactically~*~*~ (stealth).
 19356 | D:15     | 19356 ||| Stepping ~*~*~tactically~*~*~ (hiding).
 19364 | D:15     | 19364 ||| INVOKING Heroism.
 19494 | D:15     | 19494 ||| Stepping ~*~*~tactically~*~*~ (hiding).
 19495 | D:15     | 19495 ||| Stepping ~*~*~tactically~*~*~ (hiding).
 19496 | D:15     | 19496 ||| INVOKING Heroism.
 19497 | D:15     | 19497 ||| INVOKING Finesse.
 19501 | D:15     | 19501 ||| Stepping ~*~*~tactically~*~*~ (outnumbered).
 19502 | D:15     | 19502 ||| Stepping ~*~*~tactically~*~*~ (outnumbered).
 19503 | D:15     | 19503 ||| Stepping ~*~*~tactically~*~*~ (outnumbered).
 19504 | D:15     | 19504 ||| Stepping ~*~*~tactically~*~*~ (outnumbered).
 19505 | D:15     | 19505 ||| Stepping ~*~*~tactically~*~*~ (outnumbered).
 19510 | D:15     | 19510 ||| Stepping ~*~*~tactically~*~*~ (outnumbered).
 19512 | D:15     | 19512 ||| Stepping ~*~*~tactically~*~*~ (cloud).
 19516 | D:15     | 19516 ||| Stepping ~*~*~tactically~*~*~ (cloud).
 19529 | D:15     | 19529 ||| Stepping ~*~*~tactically~*~*~ (cloud).
 19531 | D:15     | 19531 ||| Stepping ~*~*~tactically~*~*~ (outnumbered).
 19537 | D:15     | 19537 ||| Stepping ~*~*~tactically~*~*~ (cloud).
 19549 | D:15     | 19549 ||| INVOKING Finesse.
 19551 | D:15     | 19551 ||| Stepping ~*~*~tactically~*~*~ (outnumbered).
 19555 | D:15     | 19555 ||| Stepping ~*~*~tactically~*~*~ (outnumbered).
 19556 | D:15     | 19556 ||| Stepping ~*~*~tactically~*~*~ (outnumbered).
 19557 | D:15     | 19557 ||| Stepping ~*~*~tactically~*~*~ (outnumbered).
 19564 | D:15     | 19564 ||| Stepping ~*~*~tactically~*~*~ (outnumbered).
 19572 | D:15     | 19572 ||| INVOKING Heroism.
 19672 | D:15     | 19672 ||| Stepping ~*~*~tactically~*~*~ (hiding).
 19673 | D:15     | 19673 ||| Stepping ~*~*~tactically~*~*~ (hiding).
 19675 | D:15     | 19675 ||| INVOKING Heroism.
 19703 | D:15     | 19703 ||| Stepping ~*~*~tactically~*~*~ (stealth).
 19704 | D:15     | 19704 ||| Stepping ~*~*~tactically~*~*~ (stealth).
 19706 | D:15     | 19706 ||| Stepping ~*~*~tactically~*~*~ (stealth).
 19708 | D:15     | 19708 ||| Stepping ~*~*~tactically~*~*~ (stealth).
 19710 | D:15     | 19710 ||| Stepping ~*~*~tactically~*~*~ (stealth).
 19711 | D:15     | 19711 ||| Stepping ~*~*~tactically~*~*~ (stealth).
 19714 | D:15     | 19714 ||| INVOKING Heroism.
 19716 | D:15     | 19716 ||| Stepping ~*~*~tactically~*~*~ (outnumbered).
 19798 | D:15     | Found a staircase to the Depths.
 19853 | D:15     | Found an ornate altar of the Wu Jian Council.
 19985 | D:15     | 19985 ||| READING 10 scrolls of teleportation.
 19986 | D:15     | 19986 ||| PLANNING ORC
 20167 | Orc:1    | Entered Level 1 of the Orcish Mines
 20167 | Orc:1    | Noticed Snorg
 20168 | Orc:1    | 20168 ||| INVOKING Heroism.
 20171 | Orc:1    | 20171 ||| Stepping ~*~*~tactically~*~*~ (outnumbered).
 20172 | Orc:1    | 20172 ||| Stepping ~*~*~tactically~*~*~ (outnumbered).
 20173 | Orc:1    | 20173 ||| Stepping ~*~*~tactically~*~*~ (outnumbered).
 20174 | Orc:1    | 20174 ||| Stepping ~*~*~tactically~*~*~ (outnumbered).
 20175 | Orc:1    | 20175 ||| Stepping ~*~*~tactically~*~*~ (outnumbered).
 20176 | Orc:1    | 20176 ||| Stepping ~*~*~tactically~*~*~ (outnumbered).
 20177 | Orc:1    | 20177 ||| Stepping ~*~*~tactically~*~*~ (outnumbered).
 20181 | Orc:1    | 20181 ||| Stepping ~*~*~tactically~*~*~ (outnumbered).
 20182 | Orc:1    | 20182 ||| Stepping ~*~*~tactically~*~*~ (outnumbered).
 20184 | Orc:1    | 20184 ||| Stepping ~*~*~tactically~*~*~ (outnumbered).
 20185 | Orc:1    | 20185 ||| Stepping ~*~*~tactically~*~*~ (outnumbered).
 20186 | Orc:1    | 20186 ||| Stepping ~*~*~tactically~*~*~ (outnumbered).
 20193 | Orc:1    | Killed Snorg
 20194 | Orc:1    | Reached skill level 9 in Invocations
 20267 | Orc:1    | 20267 ||| Stepping ~*~*~tactically~*~*~ (stealth).
 20272 | Orc:1    | 20272 ||| INVOKING Heroism.
 20347 | Orc:2    | Entered Level 2 of the Orcish Mines
 20347 | Orc:2    | Found Hinn's Antique Armour Emporium.
 20424 | Orc:2    | Found a runed translucent gate.
 20431 | Orc:2    | Found a runed translucent gate.
 20431 | Orc:2    | Found a runed translucent gate.
 20432 | Orc:2    | Noticed qw's ghost (journeyman TeWr)
 20434 | Orc:2    | Found a staircase to the Elven Halls.
 20439 | Orc:2    | 20439 ||| Stepping ~*~*~tactically~*~*~ (stealth).
 20441 | Orc:2    | 20441 ||| INVOKING Heroism.
 20465 | Orc:2    | 20465 ||| Stepping ~*~*~tactically~*~*~ (stealth).
 20484 | Orc:2    | 20484 ||| INVOKING Heroism.
 20495 | Orc:2    | Found Cunom's Distillery.
 20499 | Orc:2    | Found Lulo's Magic Scroll Emporium.
 20500 | Orc:2    | 20500 ||| Stepping ~*~*~tactically~*~*~ (outnumbered).
 20501 | Orc:2    | 20501 ||| Stepping ~*~*~tactically~*~*~ (outnumbered).
 20502 | Orc:2    | 20502 ||| Stepping ~*~*~tactically~*~*~ (outnumbered).
 20503 | Orc:2    | 20503 ||| Stepping ~*~*~tactically~*~*~ (outnumbered).
 20504 | Orc:2    | 20504 ||| Stepping ~*~*~tactically~*~*~ (outnumbered).
 20505 | Orc:2    | 20505 ||| Stepping ~*~*~tactically~*~*~ (outnumbered).
 20506 | Orc:2    | 20506 ||| Stepping ~*~*~tactically~*~*~ (outnumbered).
 20507 | Orc:2    | 20507 ||| Stepping ~*~*~tactically~*~*~ (outnumbered).
 20508 | Orc:2    | 20508 ||| Stepping ~*~*~tactically~*~*~ (hiding).
 20519 | Orc:2    | 20519 ||| Stepping ~*~*~tactically~*~*~ (outnumbered).
 20520 | Orc:2    | 20520 ||| Stepping ~*~*~tactically~*~*~ (outnumbered).
 20521 | Orc:2    | 20521 ||| Stepping ~*~*~tactically~*~*~ (outnumbered).
 20522 | Orc:2    | 20522 ||| Stepping ~*~*~tactically~*~*~ (outnumbered).
 20523 | Orc:2    | 20523 ||| Stepping ~*~*~tactically~*~*~ (outnumbered).
 20524 | Orc:2    | 20524 ||| Stepping ~*~*~tactically~*~*~ (outnumbered).
 20525 | Orc:2    | 20525 ||| Stepping ~*~*~tactically~*~*~ (outnumbered).
 20528 | Orc:2    | 20528 ||| Stepping ~*~*~tactically~*~*~ (outnumbered).
 20529 | Orc:2    | 20529 ||| Stepping ~*~*~tactically~*~*~ (outnumbered).
 20530 | Orc:2    | 20530 ||| Stepping ~*~*~tactically~*~*~ (outnumbered).
 20531 | Orc:2    | 20531 ||| Stepping ~*~*~tactically~*~*~ (outnumbered).
 20535 | Orc:2    | 20535 ||| Stepping ~*~*~tactically~*~*~ (outnumbered).
 20536 | Orc:2    | 20536 ||| Stepping ~*~*~tactically~*~*~ (outnumbered).
 20537 | Orc:2    | 20537 ||| Stepping ~*~*~tactically~*~*~ (outnumbered).
 20538 | Orc:2    | 20538 ||| Stepping ~*~*~tactically~*~*~ (outnumbered).
 20539 | Orc:2    | 20539 ||| Stepping ~*~*~tactically~*~*~ (outnumbered).
 20540 | Orc:2    | 20540 ||| Stepping ~*~*~tactically~*~*~ (outnumbered).
 20541 | Orc:2    | 20541 ||| Stepping ~*~*~tactically~*~*~ (outnumbered).
 20542 | Orc:2    | 20542 ||| Stepping ~*~*~tactically~*~*~ (outnumbered).
 20543 | Orc:2    | 20543 ||| Stepping ~*~*~tactically~*~*~ (outnumbered).
 20544 | Orc:2    | 20544 ||| Stepping ~*~*~tactically~*~*~ (outnumbered).
 20545 | Orc:2    | 20545 ||| Stepping ~*~*~tactically~*~*~ (outnumbered).
 20549 | Orc:2    | 20549 ||| Stepping ~*~*~tactically~*~*~ (outnumbered).
 20550 | Orc:2    | 20550 ||| Stepping ~*~*~tactically~*~*~ (outnumbered).
 20551 | Orc:2    | 20551 ||| Stepping ~*~*~tactically~*~*~ (outnumbered).
 20585 | Orc:2    | 20585 ||| Stepping ~*~*~tactically~*~*~ (stealth).
 20589 | Orc:2    | 20589 ||| Stepping ~*~*~tactically~*~*~ (outnumbered).
 20590 | Orc:2    | 20590 ||| Stepping ~*~*~tactically~*~*~ (outnumbered).
 20591 | Orc:2    | 20591 ||| Stepping ~*~*~tactically~*~*~ (outnumbered).
 20592 | Orc:2    | 20592 ||| Stepping ~*~*~tactically~*~*~ (outnumbered).
 20594 | Orc:2    | 20594 ||| Stepping ~*~*~tactically~*~*~ (outnumbered).
 20651 | Orc:2    | 20651 ||| INVOKING Heroism.
 20653 | Orc:2    | 20653 ||| Stepping ~*~*~tactically~*~*~ (outnumbered).
 20655 | Orc:2    | 20655 ||| Stepping ~*~*~tactically~*~*~ (outnumbered).
 20667 | Orc:2    | 20667 ||| Stepping ~*~*~tactically~*~*~ (outnumbered).
 20669 | Orc:2    | 20669 ||| Stepping ~*~*~tactically~*~*~ (outnumbered).
 20731 | Orc:2    | 20731 ||| INVOKING Heroism.
 20775 | Orc:2    | 20775 ||| INVOKING Heroism.
 20785 | Orc:2    | Noticed Donald
 20788 | Orc:2    | 20788 ||| Stepping ~*~*~tactically~*~*~ (outnumbered).
 20789 | Orc:2    | 20789 ||| Stepping ~*~*~tactically~*~*~ (outnumbered).
 20790 | Orc:2    | 20790 ||| Stepping ~*~*~tactically~*~*~ (outnumbered).
 20795 | Orc:2    | 20795 ||| Stepping ~*~*~tactically~*~*~ (outnumbered).
 20801 | Orc:2    | 20801 ||| Stepping ~*~*~tactically~*~*~ (outnumbered).
 20803 | Orc:2    | 20803 ||| Stepping ~*~*~tactically~*~*~ (outnumbered).
 20808 | Orc:2    | HP: 35/146 [Donald/+3 broad axe of pain (8)]
 20809 | Orc:2    | 20809 ||| READING 9 scrolls of teleportation.
 20809 | Orc:2    | Slain by Donald

Levels and vault maps discovered:
D:1:      giann_bridges, layout_basic, ebering_ecumenical_altar_sacrificial
D:2:      kennysheep_the_goblin_king, layout_basic, uniq_sigmund
D:3:      layout_loops_ring, bloody_makhleb, serial_glass, glass_columns_c,
          glass_columns_a, glass_columns_c, glass_columns_a, glass_columns_a,
          glass_columns_b, glass_columns_b, glass_columns_a, minivault_14
D:4:      corexii_shack_village, layout_basic, zin_angel, st_stairs_8,
          nrook_mini_vaults
D:5:      layout_cave_pods, minmay_temple_entry_trees,
          nicolae_ossuary_entry_false_entrances, dk_noncrumbling_4,
          ebering_dispersal_statue_hall, chequers_serial_rivers_large_a
D:6:      layout_cave_pools
D:7:      hangedman_cross_stitches, layout_basic, led_sif_pool,
          nicolae_gozag_cash_rules_everything_around_me, chequers_mini_garden,
          minmay_fire_ice_demons, uniq_duvessa
D:8:      minmay_quarter_circles, layout_rooms, serial_shops,
          kennysheep_mini_moat, minmay_holes
D:9:      layout_loops_ring, gammafunk_temple_overflow_forgotten, david_orc_4,
          hex_tiny, minmay_strange_pillars, uniq_pikel, uniq_amaemon,
          uniq_joseph
D:10:     layout_basic, mainiacjoe_overflow_brackets, enter_bailey_5,
          minmay_strange_pillars, amethyst_killhole, uniq_josephine, uniq_fannar
D:11:     layout_roguey, erik_lair_island
D:12:     layout_loops_ring, brannock_xom_greatest_gift
D:13:     layout_small_grid, ximxim_vaults_locker_room, gauntlet_entry_generic,
          kennysheep_vampire_church, uniq_lodul
D:14:     layout_layer_cave, gammafunk_ghost_ooze
D:15:     grunt_enter_depths_magical_seal, layout_cave_pools,
          nzn_wu_jian_council_hall, drop_trap
Temple:   eino_narrow_crystal_temple
Lair:1:   gammafunk_boulding_lane, layout_cave_pods, lemuel_fruit_tree
Lair:2:   layout_chaotic_city, dummy_spider_entry, nicolae_volcano_entry_s_turn,
          uniq_maggie
Lair:3:   layout_cave_pods, minmay_shoals_entry_lonely_mermaid,
          serial_bayou_shore_b
Lair:4:   layout_misc_corridors, st_stairs_6, serial_bayou_crossing
Lair:5:   gammafunk_lair_ancient_temple, layout_cave_pods,
          minmay_slime_entry_oklob_enclosed
Orc:1:    layout_caves, uniq_snorg
Orc:2:    pf_orc_diabolical, layout_diamond_mine, gammafunk_ghost_necromancy,
          serial_shops, nicolae_diamond_shop, uniq_donald

Skill      XL: |  1  2  3  4  5  6  7  8  9 10 11 12 13 14 15 |
---------------+----------------------------------------------+-----
Unarmed Combat | 4 6 7 8 10 12 14 16 18 19 20 | 20.0
Dodging        | 1 2 |  2.5
Throwing       | 1 3 4 5 6 7 |  7.0
Fighting       | 3 4 5 6 8 9 |  9.0
Armour         | 2 3 4 5 |  5.0
Invocations    | 4 8 9 |  9.3
Shields        | 4 5 |  5.9
Spellcasting   | |  1.0
Fire Magic     | |  2.1

Action                   |  1- 3 |  4- 6 |  7- 9 | 10-12 | 13-15 || total
-------------------------+-------+-------+-------+-------+-------++-------
Melee: Unarmed           |    92 |   100 |   202 |   456 |   819 ||  1669
       Punch             |       |     1 |    10 |    33 |    42 ||    86
Throw: Large rock        |       |    14 |    41 |    21 |    27 ||   103
       Javelin           |       |       |     9 |    78 |    26 ||   113
       Boomerang         |       |       |       |    51 |   106 ||   157
Invok: Fiery Armour      |     1 |     1 |     2 |     9 |       ||    13
       Heroism           |       |       |       |       |    43 ||    43
       Finesse           |       |       |       |       |     5 ||     5
  Use: Potion            |     2 |     4 |     1 |     1 |     1 ||     9
       Scroll            |     2 |     3 |    11 |     6 |    10 ||    32
 Stab: Distracted        |       |       |       |       |     1 ||     1
       Petrifying        |       |       |       |       |     3 ||     3
       Petrified         |       |       |       |       |     2 ||     2
Armor: Robe              |    35 |    34 |    51 |    35 |       ||   155
       Acid dragon scale |       |       |       |   157 |       ||   157
       Swamp dragon scal |       |       |       |    18 |   292 ||   310
Dodge: Dodged            |    60 |    31 |    77 |   248 |   281 ||   697
Block: Other             |       |       |       |    83 |    66 ||   149
       Reflection        |       |       |       |     2 |     8 ||    10
       Kite shield       |       |       |       |       |   205 ||   205

Table legend:
 A = Non-vault XP
 B = Vault XP
 C = Vault XP percentage of total XP
 D = Non-vault monster count
 E = Vault monster count
 F = Vault count percentage of total count
                 A         B        C        D         E       F
            +---------+---------+-------+---------+---------+-------
      Total |   81373 |   33782 |  29.3 |     416 |     190 |  31.4
            +---------+---------+-------+---------+---------+-------
        D:1 |      64 |       0 |   0.0 |      27 |       0 |   0.0
        D:2 |      46 |     271 |  85.5 |      17 |       8 |  32.0
        D:3 |      34 |       0 |   0.0 |      15 |       0 |   0.0
        D:4 |      96 |      20 |  17.2 |       4 |      10 |  71.4
        D:5 |     349 |       0 |   0.0 |      14 |       0 |   0.0
        D:6 |     658 |       0 |   0.0 |      12 |       0 |   0.0
        D:7 |    1658 |    1370 |  45.2 |      25 |      14 |  35.9
        D:8 |     880 |    4700 |  84.2 |      13 |      30 |  69.8
        D:9 |    1651 |    2920 |  63.9 |      19 |      19 |  50.0
       D:10 |    2666 |    2849 |  51.7 |      16 |      11 |  40.7
       D:11 |    2566 |     737 |  22.3 |      11 |       8 |  42.1
       D:12 |    2470 |       0 |   0.0 |       9 |       0 |   0.0
       D:13 |    8721 |    6692 |  43.4 |      19 |      27 |  58.7
       D:14 |    7621 |       0 |   0.0 |      28 |       0 |   0.0
       D:15 |    8269 |    3465 |  29.5 |      21 |       8 |  27.6
     Lair:1 |    4607 |       0 |   0.0 |      17 |       0 |   0.0
     Lair:2 |    5394 |     389 |   6.7 |      19 |       1 |   5.0
     Lair:3 |    9669 |     466 |   4.6 |      36 |       1 |   2.7
     Lair:4 |    5077 |       0 |   0.0 |      19 |       0 |   0.0
     Lair:5 |   14530 |    7578 |  34.3 |      39 |      19 |  32.8
      Orc:1 |    1223 |     939 |  43.4 |      11 |       1 |   8.3
      Orc:2 |    3124 |    1237 |  28.4 |      25 |      17 |  40.5
    Ossuary |       0 |     149 | 100.0 |       0 |      16 | 100.0
            +---------+---------+-------+---------+---------+-------
